 Dungeon Crawl Stone Soup version 0.14.0-12-g87ee3b7 (webtiles) character file.

1801 Kejsarherre the Martial Artist (level 8, -9/39 HPs)
             Began as a Vine Stalker Monk on Apr 17, 2014.
             Was a Believer of Makhleb.
             Mangled by Erolcha
             ... wielding a +0,+0 giant spiked club
              (25 damage)
             ... on Level 8 of the Dungeon.
             The game lasted 00:10:29 (2785 turns).

Kejsarherre the Martial Artist (Vine Stalker Monk)  Turns: 2785, Time: 00:10:29

HP  -9/39        AC 10     Str 15      XL: 8   Next: 93%
MP   0/11        EV 15     Int 10      God: Makhleb [**....]
Gold 204         SH  0     Dex 20      Spells:  0 memorised,  7 levels left

rFire  . . .     SeeInvis .       - Unarmed
rCold  . . .     Clarity  .     m - +0 leather armour
rNeg   + . .     Conserve .     (no shield)
rPois  .         rCorr    .     (no helmet)
rElec  .         rRot     +     o - +1 cloak
SustAb . .       Spirit   +     j - +0 pair of gloves
rMut   .         Warding  +     (no boots)
Saprov . . .     Stasis   .     e - amulet of warding
MR     +....                    (no ring)
                                p - +2 ring of dexterity

@: somewhat resistant to hostile enchantments, fairly stealthy
A: fangs 3, iridescent scales 1, fast metabolism 1, regeneration 3, magic
shield, antimagic bite, no device heal
a: Minor Destruction, Renounce Religion


You were on level 8 of the Dungeon.
You worshipped Makhleb.
Makhleb was pleased with you.
You were hungry.

You visited 2 branches of the dungeon, and saw 9 of its levels.

You collected 256 gold pieces.
You spent 52 gold pieces at shops.

Inventory:

Armour
 j - a +0 pair of gloves (worn)
 m - a +0 leather armour (worn)
 o - a +1 cloak (worn)
Magical devices
 k - a wand of magic darts (9)
Comestibles
 a - a meat ration
 b - 3 bread rations
 q - a choko
Scrolls
 f - a scroll of random uselessness {unknown}
 h - 2 scrolls of teleportation {unknown}
 l - a scroll of identify
Jewellery
 d - an uncursed amulet of stasis
 e - an amulet of warding (around neck)
 p - a +2 ring of dexterity (left hand)
Potions
 c - a potion of poison {unknown}
 g - 2 potions of curing
 i - a potion of brilliance {unknown}
 n - a potion of might {unknown}


   Skills:
 - Level 2.6 Fighting
 * Level 5.4 Dodging
 - Level 2.4 Stealth
 + Level 10.1 Unarmed Combat


You had 7 spell levels left.
You didn't know any spells.

Dungeon Overview and Level Annotations

Branches:
Dungeon (8/15)             Temple (1/1) D:6
   Lair: D:8-11

Altars:
Ashenzari
Cheibriados
Dithmenos
Elyvilon
Fedhas
Kikubaaqudgha
Makhleb
Nemelex Xobeh
Okawaru
Sif Muna
Trog
Vehumet
Xom
Yredelemnul
Zin
The Shining One

Shops:
D:8 *

Annotations:
D:8 Erolcha


Innate Abilities, Weirdness & Mutations

You are immune to rotting.
You have razor-sharp teeth.
You regenerate.
When hurt, damage is shared between your health and your magic reserves.
Your bite disrupts and absorbs the magic of your enemies.
Potions and wands cannot restore your HP.
You are partially covered in iridescent scales (AC +4).
You have a fast metabolism.


Message History

The stone arrow hits Erolcha.
Erolcha is moderately wounded.
You feel slightly more hungry.
You closely miss Erolcha. You punch Erolcha!
Erolcha is moderately wounded.
Erolcha screams, "DIE!"
Erolcha barely misses you.
You hit Erolcha but do no damage. You punch Erolcha!
Erolcha is heavily wounded.
You are feeling hungry.
You hit Erolcha but do no damage. Your bite misses Erolcha.
Erolcha is heavily wounded.
Erolcha misses you.
You hit Erolcha.
Erolcha is severely wounded.
You punch Erolcha!
Erolcha is severely wounded.
Erolcha hits you with a giant spiked club!
Ouch! That really hurt!
You die...

#### #### ..# ....
.#######.# .....
.......O@# .....
.#..####.# ....#
#.# ..... #.# ####
# #.# ## .# #.# .#
#####.#..####.#
.###.....#......>#
............####.#


You could see Erolcha.

Vanquished Creatures
  A hungry ghost (D:7)
  An orc warrior (D:6)
  A sky beast (D:6)
  2 ogres (D:7)
  A black bear (D:8)
  A phantom (D:4)
  An ice beast (D:7)
  Duvessa (D:8)
  A centaur (D:6)
  3 giant frogs
  A scorpion (D:4)
  2 hounds
  Dowan (D:8)
  A jelly (D:7)
  4 iguanas
  An orc wizard (D:7)
  4 worker ants
  Ijyb (D:6)
  A hound skeleton (D:5)
  2 adders
  2 giant mites
  A worm (D:4)
  An adder skeleton (D:6)
  2 giant eyeballs
  5 giant geckos
  5 orcs
  2 giant cockroaches
  8 goblins
  A hobgoblin (D:2)
  3 jackals (D:5)
  4 kobolds
  2 quokkas
  A ball python (D:4)
  8 bats
  A giant gecko skeleton (D:5)
  A giant newt (D:4)
  A kobold skeleton (D:5)
  A quokka skeleton (D:7)
  3 rats
83 creatures vanquished.

Notes
Turn   | Place    | Note
--------------------------------------------------------------
     0 | D:1      | Kejsarherre, the Vine Stalker Monk, began the quest for the Orb.
     0 | D:1      | Reached XP level 1. HP: 11/11 MP: 1/1
   125 | D:1      | Reached XP level 2. HP: 16/16 MP: 3/3
   251 | D:1      | You fall through a shaft!
   343 | D:2      | Reached XP level 3. HP: 19/19 MP: 4/4
   355 | D:3      | Reached skill level 5 in Unarmed Combat
   419 | D:3      | Gained mutation: You have a fast metabolism. [potion of mutation]
   419 | D:3      | Gained mutation: You are partially covered in iridescent scales (AC +4). [potion of mutation]
   419 | D:3      | Gained mutation: You heal very quickly. [potion of mutation]
   484 | D:4      | Reached XP level 4. HP: 18/23 MP: 3/5
   636 | D:4      | Noticed a scorpion
   649 | D:4      | Killed a scorpion
   649 | D:4      | Reached skill level 6 in Unarmed Combat
   649 | D:4      | Reached XP level 5. HP: 18/27 MP: 5/7
   677 | D:4      | Noticed a phantom
   694 | D:4      | Killed a phantom
   846 | D:5      | Entered Level 5 of the Dungeon
   937 | D:5      | Reached skill level 7 in Unarmed Combat
   937 | D:5      | Gained mutation: You regenerate. [vine stalker growth]
   937 | D:5      | Reached XP level 6. HP: 32/32 MP: 8/8
  1406 | D:6      | Noticed Ijyb
  1417 | D:6      | Killed Ijyb
  1533 | D:6      | Reached skill level 8 in Unarmed Combat
  1533 | D:6      | Reached XP level 7. HP: 22/35 MP: 7/9
  1601 | D:6      | Found a staircase to the Ecumenical Temple.
  1952 | Temple   | Entered the Ecumenical Temple
  1994 | Temple   | Became a worshipper of Makhleb the Destroyer
  1994 | Temple   | Acquired Makhleb's first power
  1994 | Temple   | Acquired Makhleb's second power
  2072 | D:7      | Reached skill level 9 in Unarmed Combat
  2089 | D:7      | Gained mutation: You have razor-sharp teeth. [vine stalker growth]
  2089 | D:7      | Reached XP level 8. HP: 39/39 MP: 11/11
  2174 | D:7      | Noticed a hungry ghost
  2188 | D:7      | Killed a hungry ghost
  2638 | D:8      | Noticed Duvessa
  2639 | D:8      | Noticed Dowan
  2654 | D:8      | Killed Duvessa
  2661 | D:8      | Killed Dowan
  2661 | D:8      | Reached skill level 5 in Dodging
  2667 | D:8      | Reached skill level 10 in Unarmed Combat
  2692 | D:8      | Found Gehuifro's Assorted Antiques.
  2738 | D:8      | Bought a scroll labeled FROIGU HUGU for 26 gold pieces
  2738 | D:8      | Bought a scroll labeled IGADEI RAATEW for 26 gold pieces
  2773 | D:8      | Noticed Erolcha
  2785 | D:8      | Mangled by Erolcha

Action                   |  1- 3 |  4- 6 |  7- 9 || total
-------------------------+-------+-------+-------++-------
Melee: Unarmed           |    69 |   112 |   148 ||   329
Invok: Minor Destruction |       |       |    10 ||    10
Evoke: Wand              |       |       |     1 ||     1
  Use: Scroll            |     8 |     3 |       ||    11
       Potion            |     3 |       |       ||     3
 Stab: Sleeping          |     3 |     2 |     3 ||     8
